 Dungeon Crawl Stone Soup version 0.31-a0-1610-g9787180 (webtiles) character file.

Game seed: 18095215408242935341

7 PidgeyThePirate the Ducker (level 1, -2/12 HPs)
             Began as a Felid Chaos Knight on Jan 8, 2024.
             Was a Plaything of Xom.
             Slain by a kobold
             ... wielding a +0 club
              (4 damage)
             ... on level 1 of the Dungeon.
             The game lasted 00:00:22 (74 turns).

PidgeyThePirate the Ducker (Felid Chaos Knight)       Turns: 74, Time: 00:00:23

Health: -2/12      AC:  1    Str:  8    XL:     1   Next: 83%
Magic:  2/2        EV: 17    Int: 15    God:    Xom [..*...]
Gold:   0          SH:  0    Dex: 15    Spells: 0/0 levels left
                                        Lives:  0   Deaths: 1

rFire   . .          .
                       - Unarmed
rCold   . . .        (shield unavailable)
rNeg    . . .        (body armour unavailable)
rPois   .            (helmet unavailable)
rElec   .            (cloak unavailable)
rCorr   .            (gloves unavailable)
SInv    +            (boots unavailable)
Will    .....        (no amulet)
Stlth   +            (no ring)
HPRegen 0.22/turn    (no ring)
MPRegen 0.08/turn

%: no passive effects
@: no status effects
A: very small, claws 1, fangs 3, see invisible, shaggy fur 1, stealthy paws, no
weapons or thrown items, no armour, multi-lived
a: Renounce Religion


You were on level 1 of the Dungeon.
You worshipped Xom.
You were a toy of Xom.
You visited 1 branch of the dungeon, and saw 1 of its levels.

Inventory:

Scrolls
 a - a scroll of butterflies
Potions
 b - a potion of enlightenment {unknown}


   Skills:
 + Level 3.1 Fighting
 + Level 3.3 Dodging
 + Level 3.2 Unarmed Combat


You couldn't memorise any spells.
You didn't know any spells.
Your spell library was empty.

Dungeon Overview and Level Annotations

Branches:
Dungeon (1/15)

Altars:


Innate Abilities, Weirdness & Mutations

You have sharp claws.
You have razor-sharp teeth.
You have supernaturally acute eyesight. (SInv)
You are covered in fur. (AC +1)
Your paws help you pounce on unaware monsters.
You are incapable of wielding weapons or throwing items.
You cannot wear armour.
You gain extra lives every three experience levels.


Message History

You scratch the frilled lizard.
You kill the frilled lizard!
Found a book of Decay.
A giant cockroach comes into view.
Found 5 stones.
A quokka comes into view.
An endoplasm comes into view.
A kobold comes into view. It is wielding a +0 club.
The kobold shouts!
The endoplasm quivers. x2
You scratch the quokka.
You kill the quokka!
The endoplasm completely misses you.
A hobgoblin comes into view.
Found a scroll labelled RUCRIE VASUOROFF.
The giant cockroach misses you. The endoplasm misses you.
You see here a quokka corpse.
You scratch the giant cockroach.
The giant cockroach is heavily wounded.
The giant cockroach closely misses you. The endoplasm freezes you.
You are frozen.
You scratch the giant cockroach.
The giant cockroach is severely wounded.
The giant cockroach barely misses you. The endoplasm freezes you.
You are frozen.
* * * LOW HITPOINT WARNING * * *
You scratch the giant cockroach but do no damage.
The giant cockroach is severely wounded.
The giant cockroach barely misses you.
The giant cockroach completely misses you.
The endoplasm completely misses you. The kobold misses you.
You scratch the giant cockroach but do no damage.
The giant cockroach is severely wounded.
The giant cockroach misses you.
You scratch the giant cockroach.
You kill the giant cockroach!
The kobold hits you with a +0 club.
You die...

.......# ..(.##
.......# #........
.......## #....# .#
........####..:.##.#
......#....#....#..#
......#..#..##.##.##
##..#.##.....#.....#
##.#.####.#.#.J†..###..
#.#.# #......@.......
#.... #####..JK.###..
####. ##...g# #....g.#
#.....#.# .......#..
#.....#.#? .###...#.


You could see 2 endoplasms, a hobgoblin, a goblin and a kobold.

Vanquished Creatures
  2 giant cockroaches (D:1)
  A hobgoblin (D:1)
  A kobold (D:1)
  A quokka (D:1)
  A ball python (D:1)
  A frilled lizard (D:1)
7 creatures vanquished.

Notes
Turn   | Place    | Note
-------+----------+-------------------------------------------
     0 | D:1      | PidgeyThePirate the Felid Chaos Knight began the quest for
                  | the Orb.
     0 | D:1      | Reached XP level 1. HP: 12/12 MP: 2/2
    30 | D:1      | XOM: silly message
    41 | D:1      | Frozen to death by an endoplasm
    41 | D:1      | Lost a life (0 lives remaining)
    74 | D:1      | Slain by a kobold

Illustrated notes

Levels and vault maps discovered:
D:1:      sevenhm_arrival_forest_fort_small_4, layout_rooms, serial_shops,
          nicolae_shop_pleasant_corner_grove, minmay_tiny_reverse_x

Action                     || total
---------------------------++-------
  Melee: Unarmed           ||    22
         Punch             ||     2
         Bite              ||     1
 Armour: Skin              ||     9
  Dodge: Dodged            ||    26

Table legend: (Time is in decaauts)
 A = Elapsed time spent in this place.
 B = Non-inter-level travel time spent in this place.
 C = Inter-level travel time spent in this place.
 D = Time resting spent in this place.
 E = Time spent auto-exploring this place.
 F = Levels seen in this place.
 G = Mean time per level.
                   A        B        C        D        E       F      G
               +--------+--------+--------+--------+--------+-----+--------+
         Total |     75 |     69 |      6 |      0 |     25 |   1 |   75.0 |
       Dungeon |     75 |     69 |      6 |      0 |     25 |   1 |   75.0 |
               +--------+--------+--------+--------+--------+-----+--------+

Top non-repeatable levels by time:
     D:1: 75 daAuts
